 Dungeon Crawl Stone Soup version 0.28.0-43-g3370ac3207 (webtiles) character file.

Game seed: 15416733527977306149

345 croobank the Firebug (level 6, -1/44 HPs)
             Began as a Gnoll Fire Elementalist on Mar 8, 2022.
             Was an Initiate of Hepliaklqana.
             Slain by a troll (10 damage)
             ... on level 5 of the Dungeon.
             The game lasted 00:13:28 (4630 turns).

croobank the Firebug (Gnoll Fire Elementalist)      Turns: 4630, Time: 00:13:28

Health: -1/44      AC:  5    Str:  7    XL:     6   Next: 58%
Magic:  8/14       EV: 13    Int: 17    God:    Hepliaklqana [......]
Gold:   139        SH:  0    Dex: 12    Spells: 11/15 levels left

rFire   . . .      SeeInvis .   a - +2 spear (venom)
rCold   . . .      Faith    .   (no shield)
rNeg    . . .      Spirit   .   l - +0 robe
rPois   .          Reflect  .   n - +0 hat
rElec   .          Harm     .   j - +0 cloak
rCorr   .          Rampage  .   p - +0 pair of gloves
Will    .....                   u - +0 pair of boots
Stlth   +++.......              (no amulet)
HPRegen 0.14/turn               (no ring)
MPRegen 0.14/turn               (no ring)

@: no status effects
A: fangs 1, strong nose, distributed training
a: Renounce Religion


You were on level 5 of the Dungeon.
You worshipped Hepliaklqana.
Hepliaklqana was noncommittal.
You visited 2 branches of the dungeon, and saw 6 of its levels.

You collected 139 gold pieces.

Inventory:

Hand Weapons
 a - a +2 spear of venom (weapon)
 b - a +0 hunting sling
 x - a +1 vorpal mace
 y - a +0 falchion
Missiles
 e - 96 stones
 f - 55 arrows
 r - 29 sling bullets
Armour
 j - a +0 cloak (worn)
 l - a +0 robe (worn)
 n - a +0 hat (worn)
 p - a +0 pair of gloves (worn)
 q - a +0 leather armour
 u - a +0 pair of boots (worn)
Scrolls
 c - 2 scrolls of fog
 h - a scroll of magic mapping {unknown}
 m - 3 scrolls of blinking
 s - a scroll of immolation {unknown}
 t - a scroll of vulnerability {unknown}
 w - a scroll of brand weapon {unknown}
 B - a scroll of torment {unknown}
Potions
 d - 2 potions of curing
 g - a potion of haste
 i - 2 potions of brilliance {unknown}
 k - a potion of mutation {unknown}
 o - a potion of degeneration {unknown}
 v - a potion of cancellation
 z - a potion of magic {unknown}
 A - a potion of lignification {unknown}


   Skills:
 + Level 2.0 Fighting
 + Level 2.0 Short Blades
 + Level 2.0 Long Blades
 + Level 2.0 Axes
 + Level 2.0 Maces & Flails
 + Level 2.0 Polearms
 + Level 2.0 Staves
 + Level 2.0 Slings
 + Level 2.0 Bows
 + Level 2.0 Crossbows
 + Level 2.0 Throwing
 + Level 2.0 Armour
 + Level 5.0 Dodging
 + Level 4.6 Stealth
 + Level 2.0 Shields
 + Level 2.0 Unarmed Combat
 + Level 5.4 Spellcasting
 + Level 2.6 Conjurations
 + Level 1.6 Hexes
 + Level 1.6 Summonings
 + Level 1.6 Necromancy
 + Level 1.6 Translocations
 + Level 1.6 Transmutations
 + Level 5.7 Fire Magic
 + Level 1.6 Ice Magic
 + Level 1.6 Air Magic
 + Level 1.6 Earth Magic
 + Level 1.6 Poison Magic
 + Level 2.2 Invocations
 + Level 2.0 Evocations


You had 11 spell levels left.
You knew the following spells:

 Your Spells              Type           Power      Damage    Failure   Level
a - Foxfire               Conj/Fire      72%        2x1d7     2%          1
b - Scorch                Fire           46%        2d7       1%          2
c - Slow                  Hex            40%        N/A       7%          1

Your spell library contained the following spells:

 Spells                   Type           Power      Damage    Failure   Level
 Shock                    Conj/Air       44%        1d5       5%          1
 Conjure Flame            Conj/Fire      18%        6-21      8%          3
 Inner Flame              Hex/Fire       17%        N/A       9%          3
 Ignite Poison            Fire/Tmut/Pois 14%        N/A       12%         3
 Confusing Touch          Hex            10%        N/A       22%         3
 Swiftness                Air            10%        N/A       22%         3
 Vampiric Draining        Necr           10%        2d6       22%         3
 Flame Wave               Conj/Fire      18%        2d6       24%         4
 Sticky Flame             Conj/Fire      18%        2d4       24%         4
 Airstrike                Air            5%         N/A       56%         4


Dungeon Overview and Level Annotations

Branches:
Dungeon (5/15)             Temple (1/1) D:4

Altars:
Elyvilon
Hepliaklqana
Kikubaaqudgha
Makhleb
Nemelex Xobeh
Okawaru
Qazlal
Sif Muna
Vehumet
Xom
The Shining One

Shops:
D:4 =

Annotations:
D:3 1 runed translucent door, pkoi's ghost, weakling SpTm


Innate Abilities, Weirdness & Mutations

You have very sharp teeth.
Your uncanny sense of smell can sniff out nearby items.
Your experience applies equally to all skills.


Message History

The iguana bites you but does no damage.
You hit the iguana but do no damage.
The iguana looks as sick as possible!
The iguana is severely wounded.
The iguana bites you!
You closely miss the iguana. You bite the iguana, but do no damage.
The iguana is almost dead.
You kill the iguana!
Found a stone staircase leading down.
You see here a +0 chain mail.
B - a scroll labelled SANONL TEYTIOKK A troll is nearby!
Casting: Foxfire (safe; 2% risk of failure)
Confirm with . or Enter, or press ? or * to list all spells.
You conjure some foxfire!
Your foxfire dissipates!
Casting: Foxfire (safe; 2% risk of failure)
Confirm with . or Enter, or press ? or * to list all spells.
You conjure some foxfire!
Casting: Foxfire (safe; 2% risk of failure)
Confirm with . or Enter, or press ? or * to list all spells.
You can't see any susceptible monsters within range! (Use Z to cast anyway.)
The foxfire hits the troll.
The troll is lightly wounded.
The foxfire hits the troll but does no damage.
The troll is lightly wounded.
Casting: Foxfire (safe; 2% risk of failure)
Confirm with . or Enter, or press ? or * to list all spells.
Flames lash the troll.
The troll is moderately wounded.
The troll's fire resistance burns away.
Casting: Scorch (safe; 1% risk of failure)
Confirm with . or Enter, or press ? or * to list all spells.
Flames lash the troll.
The troll is burned terribly!
The troll is moderately wounded.
Casting: Scorch (safe; 1% risk of failure)
Confirm with . or Enter, or press ? or * to list all spells.
You conjure some foxfire!
The troll bites you! The troll claws you!
* * * LOW HITPOINT WARNING * * *
The troll claws you!
You die...

############ ####
#..........#####...
#.>................
#..........#...#...
#..........+.#.#...
#..........#...#...
#v@........#.###...
#vT[.......'.......
#..........#.......
#..........#.##....
######†#######.....#.
#.....).§......###...
#.##..........## ###.
#.##..........# #.
#.##..........#######


You could see a troll (combustible, ally target).

Vanquished Creatures
  2 howler monkeys
  A hound (D:5)
  3 iguanas (D:5)
  6 gnolls
  4 adders
  An adder zombie (D:4)
  3 worms
  2 dart slugs
  2 orcs (D:5)
  3 ball pythons
  7 bats
  5 endoplasms
  A giant cockroach (D:4)
  6 goblins
  6 hobgoblins
  2 jackals (D:4)
  6 kobolds
  A quokka (D:2)
  3 frilled lizards
  6 rats
70 creatures vanquished.

Vanquished Creatures (others)
  129 foxfires
129 creatures vanquished.

Grand Total: 199 creatures vanquished

Notes
Turn   | Place    | Note
-------+----------+-------------------------------------------
     0 | D:1      | croobank the Gnoll Fire Elementalist began the quest for
                  | the Orb.
     0 | D:1      | Reached XP level 1. HP: 13/13 MP: 6/6
   154 | D:1      | Reached XP level 2. HP: 18/19 MP: 2/7
   161 | D:1      | Learned a level 2 spell: Scorch
   539 | D:1      | Found a faded altar of an unknown god.
   954 | D:1      | Reached XP level 3. HP: 25/25 MP: 5/9
  1191 | D:2      | Reached skill level 5 in Spellcasting
  1597 | D:2      | Reached skill level 1 in Invocations
  2021 | D:3      | You fall into a shaft and drop 2 floors!
  2021 | D:5      | Entered Level 5 of the Dungeon
  2021 | D:5      | Noticed a troll
  2030 | D:5      | Reached skill level 1 in Fighting
  2030 | D:5      | Reached skill level 1 in Short Blades
  2030 | D:5      | Reached skill level 1 in Long Blades
  2030 | D:5      | Reached skill level 1 in Axes
  2030 | D:5      | Reached skill level 1 in Maces & Flails
  2030 | D:5      | Reached skill level 1 in Polearms
  2030 | D:5      | Reached skill level 1 in Staves
  2030 | D:5      | Reached skill level 1 in Slings
  2030 | D:5      | Reached skill level 1 in Bows
  2030 | D:5      | Reached skill level 1 in Crossbows
  2030 | D:5      | Reached skill level 1 in Throwing
  2030 | D:5      | Reached skill level 1 in Armour
  2030 | D:5      | Reached skill level 1 in Shields
  2030 | D:5      | Reached skill level 1 in Unarmed Combat
  2030 | D:5      | Reached skill level 1 in Evocations
  2050 | D:4      | Reached XP level 4. HP: 30/32 MP: 3/11
  2158 | D:4      | Reached skill level 1 in Hexes
  2158 | D:4      | Reached skill level 1 in Summonings
  2158 | D:4      | Reached skill level 1 in Necromancy
  2158 | D:4      | Reached skill level 1 in Translocations
  2158 | D:4      | Reached skill level 1 in Transmutations
  2158 | D:4      | Reached skill level 1 in Ice Magic
  2158 | D:4      | Reached skill level 1 in Air Magic
  2158 | D:4      | Reached skill level 1 in Earth Magic
  2158 | D:4      | Reached skill level 1 in Poison Magic
  2243 | D:4      | Found an ancient bone altar of Kikubaaqudgha.
  2415 | D:3      | Found a shimmering blue altar of Sif Muna.
  2493 | D:3      | Reached XP level 5. HP: 33/37 MP: 3/12
  2681 | D:3      | Found an iron altar of Okawaru.
  2922 | D:3      | Found a stormy altar of Qazlal.
  3035 | D:3      | Found a runed translucent door.
  3037 | D:3      | Noticed pkoi's ghost (weakling SpTm)
  3130 | D:4      | Found a staircase to the Ecumenical Temple.
  3133 | D:4      | Learned a level 1 spell: Slow
  3176 | Temple   | Entered the Ecumenical Temple
  3183 | Temple   | Became a worshipper of Hepliaklqana the Forgotten
  3571 | D:4      | Found Qatsalet's Jewellery Boutique.
  4368 | D:5      | Reached XP level 6. HP: 44/44 MP: 10/13
  4483 | D:5      | Reached skill level 5 in Dodging
  4630 | D:5      | Slain by a troll

Illustrated notes

Levels and vault maps discovered:
D:1:      ncdulo_wetmaze, layout_basic, ebering_ecumenical_altar_box
D:2:      layout_loops_ring
D:3:      layout_loops_ring, mainiacjoe_overflow_catwalk,
          nicolae_sif_muna_condensation, mainiacjoe_overflow_cross_hatched,
          ebering_ghost_reflecting_pool
D:4:      layout_layer_cave, mainiacjoe_overflow_paths, temple_statues,
          serial_shops, shop, kennysheep_generic_room_14
D:5:      layout_basic
Temple:   cyrus_circular_temple

Skill      XL: |  1  2  3  4  5  6 |
---------------+-------------------+-----
Conjurations   | 2 |  2.6
Spellcasting   | 5 |  5.4
Invocations    | 1 2 |  2.2
Fighting       | 1 2 |  2.0
Short Blades   | 1 2 |  2.0
Long Blades    | 1 2 |  2.0
Axes           | 1 2 |  2.0
Maces & Flails | 1 2 |  2.0
Polearms       | 1 2 |  2.0
Staves         | 1 2 |  2.0
Slings         | 1 2 |  2.0
Bows           | 1 2 |  2.0
Crossbows      | 1 2 |  2.0
Throwing       | 1 2 |  2.0
Armour         | 1 2 |  2.0
Shields        | 1 2 |  2.0
Unarmed Combat | 1 2 |  2.0
Evocations     | 1 2 |  2.0
Hexes          | 1 |  1.6
Summonings     | 1 |  1.6
Necromancy     | 1 |  1.6
Translocations | 1 |  1.6
Transmutations | 1 |  1.6
Ice Magic      | 1 |  1.6
Air Magic      | 1 |  1.6
Earth Magic    | 1 |  1.6
Poison Magic   | 1 |  1.6
Dodging        | 5 |  5.0
Stealth        | |  4.6
Fire Magic     | |  5.7

Action                   |  1- 3 |  4- 6 || total
-------------------------+-------+-------++-------
Melee: Unarmed           |    13 |       ||    13
       Bite              |     1 |     5 ||     6
       Mace              |     5 |    20 ||    25
       Dagger            |     1 |       ||     1
       Spear             |       |    20 ||    20
       Punch             |       |     1 ||     1
 Cast: Foxfire           |    36 |    40 ||    76
       Scorch            |    13 |    19 ||    32
  Use: Scroll            |     2 |     3 ||     5
 Stab: Sleeping          |       |     2 ||     2
Armor: Robe              |     4 |     5 ||     9
Dodge: Dodged            |    21 |    29 ||    50
